Map: Altitude LE

Players

Anakler - Winner!

  • Race: Terran Terran
  • League: Platinum
  • Spawn Location: 1:00

ThorsRockYou

  • Race: Terran Terran
  • Spawn Location: 7:00

VOD

Have the link to the VOD?

Description

Time

  • Played on: Sept. 15, 2023, 2:26 a.m.
  • Length: 5:51
Show
View Real Time Build Order
Export as new Build Order

Anakler Terran - Winner!

Build Orders: Gas First Reaper Expand 

Get SALT Encoding   

  12  0:00  SCV  
  13  0:12  SCV  
  14  0:18  Supply Depot  
  14  0:29  SCV  
  14  0:33  Refinery  
  15  0:41  SCV  
  16  0:47  Barracks  
  16  0:53  SCV  
  17  1:05  SCV  
  18  1:17  SCV  
  19  1:34  Orbital Command, Reaper  
  20  1:45  Command Center  
  20  1:55  Supply Depot  
  20  2:03  SCV  
  21  2:09  Factory  
  21  2:13  Barracks Reactor  
  21  2:22  SCV  
  22  2:24  Refinery  
  22  2:34  SCV  
  23  2:48  SCV  
  24  2:56  Barracks  
  24  2:59  Orbital Command  
  24  3:01  Barracks Tech Lab  
  24  3:04  Starport  
  24  3:21  Stimpack  
  24  3:22  Marine  
  24  3:24  Hellion x2  
  24  3:25  SCV  
  24  3:26  SCV  
  31  3:45  Hellion x2  
  31  3:46  Starport Tech Lab  
  31  3:47  Barracks Reactor  
  35  3:52  Supply Depot  
  35  3:54  Marine  
  36  3:57  SCV x2  
  38  4:05  Viking  
  40  4:12  Widow Mine  
  40  4:13  Widow Mine  
  44  4:18  Supply Depot  
  44  4:22  Engineering Bay  
  44  4:43  Widow Mine  
  44  4:44  Widow Mine  
  44  4:45  SCV x2  
  50  4:46  Marine  
  50  4:48  Marine  
  50  4:49  Marine  
  53  4:57  Viking, SCV x2  
  57  5:04  Marine  
  58  5:09  SCV x2  
  60  5:23  Refinery  
  60  5:24  Refinery  
  60  5:26  Missile Turret  
  60  5:28  Supply Depot  
  60  5:33  Marine x2  
Show
View Real Time Build Order
Export as new Build Order

ThorsRockYou Terran 

Build Orders:  

Get SALT Encoding   

  12  0:01  SCV  
  13  0:16  Supply Depot  
  13  0:17  SCV  
  14  0:30  SCV  
  15  0:40  Barracks  
  15  0:43  SCV  
  16  0:57  Refinery, SCV  
  16  0:58  Refinery  
  17  1:09  SCV  
  18  1:21  SCV  
  19  1:28  Marine  
  20  1:33  Orbital Command  
  20  1:44  Factory  
  20  1:46  Marine  
  21  1:50  Supply Depot  
  21  1:59  SCV  
  22  2:03  Marine  
  23  2:12  SCV  
  24  2:24  SCV  
  25  2:32  Factory Tech Lab  
  25  2:36  Starport, SCV  
  26  2:45  Marine  
  26  2:48  SCV  
  27  2:55  Siege Tank  
  30  3:00  SCV  
  30  3:02  Supply Depot  
  31  3:24  SCV  
  31  3:26  Starport Tech Lab  
  32  3:27  Engineering Bay  
  32  3:28  Fusion Core  
  32  3:31  Marine  
  33  3:41  Supply Depot  
  33  3:49  Marine  
  34  3:56  Missile Turret  
  34  4:06  Missile Turret  
  34  4:15  Battlecruiser  
  40  4:17  Command Center  
  40  4:21  Missile Turret  
  40  4:29  Missile Turret  
  40  4:47  Supply Depot  
  40  4:51  Supply Depot  
  46  5:29  SCV  
  46  5:31  Refinery  
  47  5:36  SCV  
Tags
 
Add a new tag
Caveats
  • Supply blocks, unpowered buildings, or Contaminate may cause inaccurate times.
  • Supply counts are checked every 10 seconds.